[Event "Titled Tuesday Blitz November 07 Early 2023"]
[White "Dahlgren, James Allen"]
[Black "Dwilewicz, Katarzyna"]
[WhiteFideId "22256873"]
[BlackFideId "1148486"]
[WhiteElo "2106"]
[BlackElo "2379"]
[Result "1-0"]
[Round "7"]
[TimeControl "180+1"]
[Date "2023.11.07"]
[WhiteClock "0:00:09"]
[BlackClock "0:00:06"]
[Board "165"]

1. d3 d5 2. g3 e5 3. Bg2 Nf6 4. Nd2 Bd6 5. e4 d4 6. Ne2 c5 7. O-O Nc6 8. f4 b5 9. a4 b4 10. f5 Bc7 11. h3 h5 12. Nc4 Qe7 13. Bf3 Ba6 14. Bg5 Bxc4 15. dxc4 Qd6 16. Nc1 O-O-O 17. Nd3 a5 18. Kg2 Bb6 19. Bxf6 Qxf6 20. Bxh5 Kb7 21. Bf3 Ne7 22. Qd2 g5 23. fxg6 Qxg6 24. Bg4 Rdg8 25. Qf2 Rg7 26. Nxe5 Qd6 27. Nxf7 Qb8 28. Nxh8 Qxh8 29. e5 Ng6 30. Qf6 Bd8 31. Bf3+ Ka7 32. Qc6 Bb6 33. Rae1 Nf4+ 34. Kf2 Nxh3+ 35. Ke2 Ng5 36. Bd5 Re7 37. Kd1 Qh5+ 38. Kc1 Qh8 39. Rf6 Qb8 40. Ref1 Rxe5 41. Rf7+ Ka6 42. Qb5# 1-0


[Site "https://www.chess.com"]

[Event "Titled Tuesday Blitz November 07 Early 2023"]
[White "Mejia, Cherry Ann"]
[Black "Djordjevic, Dejan N"]
[WhiteFideId "5206880"]
[BlackFideId "913316"]
[WhiteElo "2373"]
[BlackElo "2082"]
[Result "1/2-1/2"]
[Round "7"]
[TimeControl "180+1"]
[Date "2023.11.07"]
[WhiteClock "0:00:04"]
[BlackClock "0:00:18"]
[Board "166"]

1. e4 c5 2. Nc3 Nc6 3. g3 g6 4. Bg2 Bg7 5. d3 d6 6. Be3 Nf6 7. h3 h6 8. Qd2 Bd7 9. Nge2 Qc8 10. f4 a6 11. g4 h5 12. g5 Nh7 13. Nd5 Qd8 14. d4 b6 15. O-O O-O 16. f5 cxd4 17. Nxd4 Rb8 18. Qf2 Nxd4 19. Bxd4 Bxd4 20. Qxd4 Nxg5 21. f6 e5 22. Ne7+ Kh7 23. Qxd6 Bxh3 24. Qxe5 Bxg2 25. Kxg2 Ne6 26. Rf2 Qd4 27. Qxd4 Nxd4 28. Rd1 Rfd8 29. c3 Ne6 30. Rfd2 Rxd2+ 31. Rxd2 Rd8 32. Rxd8 Nxd8 33. Nd5 g5 34. Nxb6 Kg6 35. Nd5 g4 36. b4 Kg5 37. a4 Nb7 38. b5 axb5 39. axb5 Nc5 40. b6 h4 41. e5 Kf5 42. Ne3+ Kf4 43. Nd5+ Kxe5 44. Ne3 Kf4 45. Nd5+ Kg5 46. c4 Kf5 47. Kh2 Ke4 48. Kg2 Ke5 49. Kh2 Kd4 50. Kg2 Kxc4 51. Ne3+ Kb5 52. Nxg4 Kxb6 53. Nh6 Ne4 54. Nxf7 Nxf6 55. Kh3 Kc6 56. Kxh4 1/2-1/2


[Site "https://www.chess.com"]

[Event "Titled Tuesday Blitz November 07 Early 2023"]
[White "missponyo10"]
[Black "Vigoa Apecheche, Yanira"]
[BlackFideId "3507041"]
[WhiteElo "2019"]
[BlackElo "2365"]
[Result "1-0"]
[Round "7"]
[TimeControl "180+1"]
[Date "2023.11.07"]
[WhiteClock "0:00:35"]
[BlackClock "0:00:40"]
[Board "167"]

1. e4 c5 2. Nf3 a6 3. d4 cxd4 4. Nxd4 Nf6 5. Nc3 e5 6. Nf3 Bb4 7. Bd3 d5 8. Nd2 dxe4 9. Ndxe4 Nxe4 10. Bxe4 Qxd1+ 11. Kxd1 Bxc3 12. bxc3 O-O 13. Bb2 f5 14. Bd5+ Kh8 15. c4 Nd7 16. Re1 e4 17. Re3 Nf6 18. Bxf6 Rxf6 19. Rb1 Rd6 20. Ke2 Rb8 21. Reb3 b5 22. a4 Bd7 23. axb5 axb5 24. Bf7 Rdb6 25. cxb5 Rxb5 26. Rxb5 Rxb5 27. Rxb5 Bxb5+ 28. Ke3 g6 29. Bd5 Kg7 30. c4 Ba4 31. Kd4 Kf6 32. c5 Ke7 33. Ke5 Bb5 34. c6 Ba6 35. Bg8 h6 36. Be6 Kd8 37. Kf6 Bf1 38. g3 Kc7 39. Bd7 Bh3 40. Kxg6 Kd6 41. Kxh6 Bg4 42. Kg5 Bh3 43. Bxf5 Bg2 44. Bd7 Kc7 45. h4 Kd6 46. h5 Ke7 47. h6 e3 48. fxe3 Be4 49. Kf4 Bh7 50. Bf5 Bg8 51. h7 1-0


[Site "https://www.chess.com"]

[Event "Titled Tuesday Blitz November 07 Early 2023"]
[White "Mohammadian,Mohammad"]
[Black "Ovezdurdyyeva, Jemal"]
[WhiteFideId "12566055"]
[BlackFideId "14001888"]
[WhiteElo "1916"]
[BlackElo "2364"]
[Result "0-1"]
[Round "7"]
[TimeControl "180+1"]
[Date "2023.11.07"]
[WhiteClock "0:00:00"]
[BlackClock "0:01:17"]
[Board "168"]

1. e4 d6 2. d4 Nf6 3. Bd3 g6 4. Be3 c6 5. h3 Bg7 6. Qd2 h5 7. Nc3 b5 8. a3 a5 9. Nf3 Bb7 10. O-O O-O 11. e5 dxe5 12. Nxe5 Nd5 13. Nxd5 Qxd5 14. Nf3 Nd7 15. Rac1 Nf6 16. c4 bxc4 17. Bxc4 Qd7 18. Ne5 Qc7 19. Bf4 Qb6 20. Bg5 Rad8 21. Be3 Nd5 22. Nf3 Nxe3 23. fxe3 c5 24. Rfd1 cxd4 25. exd4 Bxf3 26. gxf3 Bxd4+ 27. Kg2 Be3 28. Qc2 Bxc1 29. Rxc1 e6 30. Qe4 Qxb2+ 31. Rc2 Rd2+ 32. Rxd2 Qxd2+ 33. Kg3 Qg5+ 34. Kf2 Rd8 35. Be2 Rd2 36. Qa8+ Kg7 37. Qe4 h4 38. Qc4 Qg3+ 39. Ke3 Rd5 40. Qc3+ Kh7 41. Bd3 Re5+ 42. Kd4 Qf4+ 43. Be4 Rd5+ 0-1


[Site "https://www.chess.com"]

[Event "Titled Tuesday Blitz November 07 Early 2023"]
[White "Tharushi, T H D Niklesha"]
[Black "Belov, Alexei"]
[WhiteFideId "9918264"]
[BlackFideId "4128206"]
[WhiteElo "2259"]
[BlackElo "2587"]
[Result "1-0"]
[Round "7"]
[TimeControl "180+1"]
[Date "2023.11.07"]
[WhiteClock "0:00:12"]
[BlackClock "0:00:08"]
[Board "169"]

1. e4 e6 2. d4 d5 3. Nc3 Nf6 4. exd5 exd5 5. Bd3 c5 6. dxc5 Bxc5 7. Nf3 O-O 8. Bg5 Nc6 9. Bxf6 Qxf6 10. Nxd5 Qxb2 11. O-O h6 12. Re1 Bg4 13. h3 Bh5 14. Rb1 Qxa2 15. Rxb7 Nd4 16. Ne7+ Bxe7 17. Rexe7 Nxf3+ 18. gxf3 Qa5 19. Qc1 Bxf3 20. Rbc7 Rac8 21. Rxa7 Qd5 22. Qf4 Bd1 23. Be4 Qh5 24. Re5 Qxh3 25. Bf5 Qc3 26. Bxc8 Qxc8 27. Ree7 Bh5 28. c4 Qh3 29. Qg3 Qf5 30. Re5 Qb1+ 31. Kh2 Bg6 32. c5 Be4 33. Qg1 Qc2 34. Rae7 Bg6 35. Qg2 Rc8 36. Re8+ Rxe8 37. Rxe8+ Kh7 38. c6 Be4 39. Qxe4+ Qxe4 40. Rxe4 1-0


[Site "https://www.chess.com"]

[Event "Titled Tuesday Blitz November 07 Early 2023"]
[White "Kula, Robert"]
[Black "FuenfgegenWilly"]
[WhiteFideId "1101218"]
[WhiteElo "2252"]
[BlackElo "2378"]
[Result "0-1"]
[Round "7"]
[TimeControl "180+1"]
[Date "2023.11.07"]
[WhiteClock "0:00:26"]
[BlackClock "0:00:22"]
[Board "170"]

1. e4 c5 2. Nf3 e6 3. d4 cxd4 4. Nxd4 Nc6 5. Nc3 Qc7 6. Be3 a6 7. Be2 b5 8. O-O Bb7 9. a3 Nf6 10. f4 Rc8 11. e5 Nxd4 12. Bxd4 Ne4 13. Bd3 Nxc3 14. bxc3 Bc5 15. Kh1 O-O 16. f5 exf5 17. Rxf5 g6 18. Rf6 Bxd4 19. cxd4 Qc3 20. Qg1 Bd5 21. a4 b4 22. Bxa6 Ra8 23. Bd3 b3 24. Ra3 Qb4 25. Rxb3 Bxb3 26. cxb3 Qxb3 27. Bb5 Rac8 28. h3 Qb2 29. Qe3 Rc3 30. Qf4 Qc1+ 31. Qxc1 Rxc1+ 32. Kh2 Rd1 33. Rd6 Rc8 34. Rxd7 Rc2 35. Ba6 Rdd2 36. Bb7 Ra2 37. Bd5 Rxa4 38. Bxf7+ Kf8 39. d5 Raa2 40. e6 Rxg2+ 41. Kh1 Rgb2 42. Rd8+ Kg7 43. Rg8+ Kf6 44. Bxg6 Ra1+ 45. Bb1 Raxb1+ 46. Rg1 Rxg1+ 47. Kxg1 Rd2 48. Kf1 Rxd5 49. Ke2 Re5+ 50. Kf3 Rxe6 51. Kf4 Ra6 52. Kg4 Ra4+ 53. Kh5 Kg7 54. h4 Ra5+ 55. Kg4 h5+ 56. Kf4 Kg6 57. Ke4 Ra4+ 58. Kf3 Rxh4 59. Kg3 Rg4+ 60. Kh3 Kg5 61. Kh2 h4 62. Kh1 Rg3 63. Kh2 Kf4 64. Kh1 Kf3 65. Kh2 Kf2 66. Kh1 Rh3# 0-1


[Site "https://www.chess.com"]

[Event "Titled Tuesday Blitz November 07 Early 2023"]
[White "EvgenyBurmakin"]
[Black "Sviridova, Vlada"]
[BlackFideId "24109606"]
[WhiteElo "2362"]
[BlackElo "2215"]
[Result "1-0"]
[Round "7"]
[TimeControl "180+1"]
[Date "2023.11.07"]
[WhiteClock "0:00:42"]
[BlackClock "0:00:00"]
[Board "171"]

1. e4 e6 2. d4 d5 3. Nd2 c5 4. exd5 Qxd5 5. Ngf3 cxd4 6. Bc4 Qd7 7. O-O Nc6 8. Nb3 a6 9. Re1 Nf6 10. Nbxd4 Nxd4 11. Nxd4 Be7 12. Be3 O-O 13. Qf3 Qc7 14. Bb3 Rb8 15. Rad1 Rd8 16. Bf4 Bd6 17. Bxd6 Rxd6 18. Qg3 Rd7 19. Qxc7 Rxc7 20. Nb5 Rd7 21. Nd6 b5 22. h3 1-0


[Site "https://www.chess.com"]

[Event "Titled Tuesday Blitz November 07 Early 2023"]
[White "kingapolak"]
[Black "Skaric, Djuro"]
[BlackFideId "934569"]
[WhiteElo "2174"]
[BlackElo "2335"]
[Result "1-0"]
[Round "7"]
[TimeControl "180+1"]
[Date "2023.11.07"]
[WhiteClock "0:00:04"]
[BlackClock "0:01:17"]
[Board "172"]

1. e4 d6 2. d4 g6 3. Nc3 Bg7 4. f3 Nf6 5. Be3 O-O 6. Qd2 Nc6 7. O-O-O e5 8. Nge2 Nh5 9. d5 Ne7 10. g4 Nf4 11. Nxf4 exf4 12. Bxf4 f5 13. gxf5 gxf5 14. Bg5 Qd7 15. Rg1 Ng6 16. h4 Kh8 17. h5 Ne5 18. h6 Bf6 19. Bxf6+ Rxf6 20. Be2 a6 21. f4 Ng6 22. Rdf1 Qe7 23. Bd3 Bd7 24. Re1 Qf8 25. e5 dxe5 26. fxe5 Rb6 27. e6 Be8 28. Ref1 f4 29. Bxg6 Bxg6 30. Qd4+ Kg8 31. Rxf4 Qxh6 32. Kb1 Rd8 33. Qe5 Qg7 34. Rf6 Kh8 35. Rgf1 Rg8 36. e7 Rxf6 37. Rxf6 Be8 38. a3 h6 39. Rxh6# 1-0


[Site "https://www.chess.com"]

[Event "Titled Tuesday Blitz November 07 Early 2023"]
[White "Shapiro, Daniel"]
[Black "DonCiao"]
[WhiteFideId "2001780"]
[WhiteElo "2318"]
[BlackElo "2140"]
[Result "1-0"]
[Round "7"]
[TimeControl "180+1"]
[Date "2023.11.07"]
[WhiteClock "0:00:06"]
[BlackClock "0:00:02"]
[Board "173"]

1. d4 Nf6 2. c4 g6 3. Nc3 d5 4. Nf3 Bg7 5. Qb3 dxc4 6. Qxc4 O-O 7. e4 a6 8. Qa4 c5 9. dxc5 Nbd7 10. c6 Nc5 11. Qb4 Nd3+ 12. Bxd3 Qxd3 13. cxb7 Bxb7 14. Qxb7 Rab8 15. Qa7 Nxe4 16. Nxe4 Qxe4+ 17. Qe3 Qb4+ 18. Bd2 Qxb2 19. O-O e6 20. a4 Rfd8 21. Ba5 Rd5 22. Bc7 Rb3 23. Qc1 Qxa1 24. Qxa1 Bxa1 25. Rxa1 Ra3 26. Rb1 Rxa4 27. Be5 Rd8 28. h4 h6 29. Bf6 Rc8 30. Ne5 Rf4 31. Be7 Rf5 32. Bd6 a5 33. Rb7 Rc1+ 34. Kh2 Rxf2 35. Rb8+ Kg7 36. Nd7 Rcc2 37. Be5+ f6 38. Nxf6 Rxg2+ 39. Kh3 Kf7 40. Rb7+ Kf8 41. Bd6# 1-0


[Site "https://www.chess.com"]

[Event "Titled Tuesday Blitz November 07 Early 2023"]
[White "Vifleemskaia, Svetlana"]
[Black "Feliz Dotel, Dewar Bienvenido"]
[WhiteFideId "4129490"]
[BlackFideId "6402801"]
[WhiteElo "2281"]
[BlackElo "2134"]
[Result "0-1"]
[Round "7"]
[TimeControl "180+1"]
[Date "2023.11.07"]
[WhiteClock "0:00:25"]
[BlackClock "0:00:17"]
[Board "174"]

1. d4 d5 2. c4 e6 3. Nc3 c5 4. cxd5 exd5 5. Nf3 Nc6 6. g3 Nf6 7. Bg2 cxd4 8. Nxd4 Bc5 9. Nb3 Bb6 10. O-O Be6 11. Bg5 O-O 12. Bxf6 Qxf6 13. Nxd5 Qxb2 14. Nf4 Rad8 15. Qc1 Qxc1 16. Rfxc1 Bxb3 17. axb3 Nd4 18. Rcb1 g5 19. Nd5 Nxe2+ 20. Kf1 Nd4 21. Nxb6 axb6 22. Bxb7 Rfe8 23. h3 Nc2 24. Ra6 Re6 25. Bf3 Rf6 26. Kg2 Rd3 27. Be4 Rd2 28. Bf3 Nd4 29. Be4 Rfxf2+ 30. Kg1 f5 31. Bd5+ Kg7 32. Re1 g4 33. hxg4 fxg4 34. Rxb6 Nf3+ 35. Bxf3 gxf3 36. Re7+ Kf8 37. Rxh7 Rg2+ 38. Kf1 Rd1# 0-1


[Site "https://www.chess.com"]

[Event "Titled Tuesday Blitz November 07 Early 2023"]
[White "LeoWin2012"]
[Black "katharinareinecke"]
[WhiteElo "2275"]
[BlackElo "1928"]
[Result "1-0"]
[Round "7"]
[TimeControl "180+1"]
[Date "2023.11.07"]
[WhiteClock "0:01:10"]
[BlackClock "0:00:06"]
[Board "175"]

1. e4 c6 2. d4 d5 3. e5 Bf5 4. Bd3 Bxd3 5. Qxd3 Qa5+ 6. Bd2 Qa6 7. Qg3 e6 8. Ne2 Ne7 9. Bb4 Nf5 10. Qc3 Bxb4 11. Qxb4 Nd7 12. Nd2 c5 13. dxc5 Nxe5 14. Nd4 Nxd4 15. Qxd4 Nc6 16. Qxg7 Ke7 17. Qg5+ Kd7 18. Qf6 Raf8 19. Nf3 Rhg8 20. a3 Rg6 21. Qf4 e5 22. Qf5+ Kc7 23. O-O-O e4 24. Qxd5 exf3 25. gxf3 Rd8 26. Qxf7+ Kc8 27. Qf5+ Kb8 28. Qf4+ Ka8 29. Qc7 Rgg8 30. Rd6 Qe2 31. Rhd1 Rxd6 32. cxd6 Qxf2 33. d7 Qe3+ 34. Kb1 Qxf3 35. d8=Q+ Nb8 36. Qcxb8# 1-0


[Site "https://www.chess.com"]

[Event "Titled Tuesday Blitz November 07 Early 2023"]
[White "Musalov, Ruslan"]
[Black "Hartikainen, Jarmo"]
[WhiteFideId "4141490"]
[BlackFideId "503134"]
[WhiteElo "2391"]
[BlackElo "2181"]
[Result "1-0"]
[Round "7"]
[TimeControl "180+1"]
[Date "2023.11.07"]
[WhiteClock "0:01:42"]
[BlackClock "0:00:00"]
[Board "176"]

1. Nf3 Nf6 2. g3 g6 3. Bg2 Bg7 4. O-O O-O 5. d4 d5 6. c4 c5 7. cxd5 cxd4 8. Nxd4 Nxd5 9. Nb3 Nb6 10. Nc3 Nc6 11. Be3 Be6 12. Nc5 Qc8 13. Nxe6 Qxe6 14. Qb3 Qxb3 15. axb3 Rfd8 16. Rfd1 Rxd1+ 17. Rxd1 Rd8 18. Ra1 Nc8 19. Bxc6 bxc6 20. Bxa7 Rd2 21. Ne4 Rxb2 22. Be3 Nd6 23. Ra8+ Bf8 24. Bh6 Rb1+ 25. Kg2 Ne8 26. Rxe8 1-0


[Site "https://www.chess.com"]

[Event "Titled Tuesday Blitz November 07 Early 2023"]
[White "Smirnov, Timofey"]
[Black "Fajdetic, Hrvoje"]
[WhiteFideId "24176427"]
[BlackFideId "14501945"]
[WhiteElo "2174"]
[BlackElo "2332"]
[Result "1-0"]
[Round "7"]
[TimeControl "180+1"]
[Date "2023.11.07"]
[WhiteClock "0:00:27"]
[BlackClock "0:00:00"]
[Board "177"]

1. d4 e6 2. Bf4 f5 3. e3 Nf6 4. Nf3 b6 5. Be2 Bb7 6. h3 Bd6 7. Ne5 O-O 8. O-O Nc6 9. c4 Ne4 10. f3 Bxe5 11. dxe5 Nc5 12. Nc3 Qe7 13. a3 a5 14. Nb5 Rfc8 15. Qc2 a4 16. Rfd1 g5 17. Bh2 Nb3 18. Rab1 Qc5 19. Kh1 Nxe5 20. Bxe5 Qxe5 21. Rxd7 Bc6 22. Rdd1 Bxb5 23. cxb5 Nc5 24. b4 axb3 25. Qc1 Rd8 26. Rxd8+ Rxd8 27. Bc4 Kf7 28. Bxb3 Rd3 29. e4 1-0


[Site "https://www.chess.com"]

[Event "Titled Tuesday Blitz November 07 Early 2023"]
[White "Rose, Felix"]
[Black "Vila Dupla, Aurelio"]
[WhiteFideId "5105722"]
[BlackFideId "2203383"]
[WhiteElo "2310"]
[BlackElo "2163"]
[Result "0-1"]
[Round "7"]
[TimeControl "180+1"]
[Date "2023.11.07"]
[WhiteClock "0:00:00"]
[BlackClock "0:00:46"]
[Board "178"]

1. e4 c5 2. Nf3 d6 3. d4 cxd4 4. Nxd4 Nf6 5. Nc3 g6 6. Be3 Bg7 7. f3 O-O 8. Qd2 Nc6 9. O-O-O Nxd4 10. Bxd4 Be6 11. h4 Qa5 12. Kb1 Rfc8 13. h5 Rxc3 14. Qxc3 Qxa2+ 15. Kc1 Bh6+ 16. Be3 Rc8 17. Qd4 Bxe3+ 18. Qxe3 Qa1+ 19. Kd2 Qxb2 20. Bd3 Qb4+ 21. Ke2 Nxh5 22. Kf2 Qc5 23. Ra1 a6 24. Rhb1 Qe5 25. Ra4 Qg3+ 26. Kg1 Nf4 27. Qd2 Bh3 0-1


[Site "https://www.chess.com"]

[Event "Titled Tuesday Blitz November 07 Early 2023"]
[White "Minina, Veronika"]
[Black "knightinshiningarmour16"]
[WhiteFideId "4174780"]
[WhiteElo "2309"]
[BlackElo "2160"]
[Result "0-1"]
[Round "7"]
[TimeControl "180+1"]
[Date "2023.11.07"]
[WhiteClock "0:00:00"]
[BlackClock "0:00:21"]
[Board "179"]

1. Nf3 d5 2. g3 Bf5 3. c4 e6 4. cxd5 exd5 5. Qb3 Bc8 6. Bg2 c6 7. O-O Qb6 8. Qc2 Nf6 9. d3 Bf5 10. e4 dxe4 11. dxe4 Bxe4 12. Re1 Be7 13. Rxe4 Nxe4 14. Qxe4 Qb4 15. Qxb4 Bxb4 16. Nc3 O-O 17. Bf4 Na6 18. Ne5 h6 19. h4 Rfe8 20. Nd3 Bf8 21. Bf3 Rad8 22. Ne1 Nc5 23. Kg2 Ne6 24. Be3 a6 25. Nc2 Bc5 26. Bxc5 Nxc5 27. Ne3 Rd2 28. b3 Nd3 29. Ned1 Re1 30. Ne4 Rc2 31. a3 Nxf2 32. Nexf2 g5 33. hxg5 hxg5 34. Rb1 f5 35. Rb2 Rxb2 36. Nxb2 g4 37. Bd1 Re3 38. Nc4 Rc3 39. Ne5 Kg7 40. a4 Kf6 41. Nc4 b5 42. axb5 axb5 43. Na5 Rc1 44. Be2 Rc2 45. Bd3 Rc3 46. b4 Rc1 47. Be2 Ke5 48. Nd3+ Kd6 49. Nc5 Rb1 50. Nab3 Rb2 51. Kf1 Kd5 52. Bd3 Ke5 53. Kg1 f4 54. gxf4+ Kxf4 55. Nd4 g3 56. Ne2+ Kf3 57. Ne4 Rxb4 58. Ng5+ Ke3 59. Nc1 Rg4 0-1


[Site "https://www.chess.com"]

[Event "Titled Tuesday Blitz November 07 Early 2023"]
[White "Ismayilova, Khanim"]
[Black "Zampronha, Wladimir Camilo"]
[WhiteFideId "13429019"]
[BlackFideId "2103087"]
[WhiteElo "2138"]
[BlackElo "2309"]
[Result "1-0"]
[Round "7"]
[TimeControl "180+1"]
[Date "2023.11.07"]
[WhiteClock "0:00:09"]
[BlackClock "0:00:00"]
[Board "180"]

1. e4 c5 2. c4 Nc6 3. Nc3 e6 4. Nf3 Nf6 5. d4 cxd4 6. Nxd4 Bb4 7. Nb5 Nxe4 8. Bd3 Nxc3 9. bxc3 Be7 10. Qc2 a6 11. Nd4 Nxd4 12. cxd4 Qa5+ 13. Bd2 Bb4 14. Bxb4 Qxb4+ 15. Qd2 Qxd2+ 16. Kxd2 d6 17. Rab1 Kd8 18. Be4 Kc7 19. Rb2 Ra7 20. Rc1 Bd7 21. d5 e5 22. c5 f5 23. cxd6+ Kxd6 24. Rb6+ Ke7 25. d6+ Ke6 26. Bxb7 Rb8 27. Bd5+ Kxd5 28. Rxb8 Kxd6 29. Rb6+ Ke7 30. Ke3 Be6 31. a3 Bd5 32. Rc5 f4+ 33. Ke2 Bxg2 34. Rxe5+ Kd7 35. Rg5 f3+ 36. Ke3 g6 37. Ra5 Bf1 38. Kxf3 Rc7 39. Rd5+ Ke7 40. Re5+ Kf7 41. Rd6 Rc3+ 42. Re3 Rc7 43. Kg3 Kg7 44. Rde6 Kh6 45. h4 Bb5 46. Re7 Rc1 47. Kg4 Rg1+ 48. Kf4 Rg2 49. f3 Rh2 50. Kg4 Rg2+ 51. Kh3 Rg1 52. Kh2 Rc1 53. Rf7 Rc2+ 54. Kg3 Bf1 55. Ree7 Rg2+ 56. Kf4 g5+ 57. hxg5+ Kg6 58. Rg7+ 1-0


[Site "https://www.chess.com"]

[Event "Titled Tuesday Blitz November 07 Early 2023"]
[White "Barbot, Pierre"]
[Black "ChessDojo"]
[WhiteFideId "663727"]
[WhiteElo "2295"]
[BlackElo "2126"]
[Result "0-1"]
[Round "7"]
[TimeControl "180+1"]
[Date "2023.11.07"]
[WhiteClock "0:00:00"]
[BlackClock "0:01:12"]
[Board "181"]

1. e4 e5 2. Nf3 Nc6 3. Bb5 Nf6 4. O-O Nxe4 5. d4 Nd6 6. Bxc6 dxc6 7. dxe5 Nf5 8. Qxd8+ Kxd8 9. Nc3 Ke8 10. Bf4 Be6 11. Rad1 h5 12. h3 Be7 13. Ne4 Rd8 14. b3 b6 15. c3 a6 16. Neg5 Rh6 17. Nxe6 Rxe6 18. Rfe1 c5 19. Rxd8+ Kxd8 20. Ng5 Bxg5 21. Bxg5+ Ke8 22. Rd1 Ne7 23. f4 b5 24. Bh4 Nc6 25. Kf2 a5 26. g4 hxg4 27. hxg4 b4 28. Rd5 bxc3 29. Rxc5 Nb4 30. Rxc3 Nxa2 31. Rxc7 f6 32. exf6 gxf6 33. Ra7 Nc1 34. Rxa5 Nxb3 35. Rf5 Nd4 36. Rxf6 Re2+ 37. Kf1 Rh2 38. Bg5 Nf3 39. Rg6 Nd2+ 40. Ke1 Nf3+ 41. Kd1 Rd2+ 42. Kc1 Rg2 43. Bh6 Kf7 44. Rg7+ Ke6 45. f5+ Ke5 46. Re7+ Kf6 47. Re6+ Kf7 48. Rg6 Nh4 49. Rg7+ Kf6 50. Rg8 Rg1+ 0-1


[Site "https://www.chess.com"]

[Event "Titled Tuesday Blitz November 07 Early 2023"]
[White "Schut, Han"]
[Black "Flis, Pawel"]
[WhiteFideId "1005561"]
[BlackFideId "1112864"]
[WhiteElo "2293"]
[BlackElo "2115"]
[Result "1-0"]
[Round "7"]
[TimeControl "180+1"]
[Date "2023.11.07"]
[WhiteClock "0:00:20"]
[BlackClock "0:00:04"]
[Board "182"]

1. e4 c5 2. Nf3 d6 3. d4 Nf6 4. dxc5 Nxe4 5. cxd6 Nc6 6. Bd3 Nxd6 7. O-O Bf5 8. Nc3 g6 9. Bf4 Bxd3 10. Qxd3 Nf5 11. Qb5 Qb6 12. Ne5 Bg7 13. Qxb6 axb6 14. Rfe1 O-O 15. Nd7 Rfe8 16. Nxb6 Ra6 17. Nbd5 e5 18. Nc7 Rea8 19. Nxa8 Rxa8 20. Be3 Nfd4 21. Rac1 f5 22. Nd5 Kf7 23. c3 Ne6 24. a3 e4 25. Rcd1 Ne5 26. Nb4 Nc4 27. Rd7+ Ke8 28. Rxb7 Nxb2 29. Nd5 Nd3 30. Reb1 Rd8 31. c4 g5 32. Re7+ Kf8 33. Rxe6 f4 34. Bb6 Ra8 35. h3 Kf7 36. Re7+ Kg6 37. Ra7 Rc8 38. Ne7+ Kf6 39. Nxc8 e3 40. fxe3 fxe3 41. Rxg7 Kxg7 42. Bxe3 h6 43. Rb7+ Kf6 44. a4 Kf5 45. a5 Ke4 46. Bf2 Nf4 47. a6 Ne2+ 48. Kh2 Nc3 49. a7 h5 50. a8=Q g4 51. Rb3+ Kd3 52. Rxc3+ Kxc3 53. hxg4 hxg4 54. Qe4 g3+ 55. Bxg3 Kb4 56. Nd6 Kc5 57. Qd5+ Kb4 58. Qb5+ Kc3 59. c5 Kd4 60. c6 Ke3 61. c7 Kd2 62. c8=Q Kd1 63. Qd3# 1-0


[Site "https://www.chess.com"]

[Event "Titled Tuesday Blitz November 07 Early 2023"]
[White "Osiecki, Stanislaw"]
[Black "Martin, Lewis"]
[WhiteFideId "1102990"]
[BlackFideId "410551"]
[WhiteElo "2108"]
[BlackElo "2278"]
[Result "0-1"]
[Round "7"]
[TimeControl "180+1"]
[Date "2023.11.07"]
[WhiteClock "0:01:31"]
[BlackClock "0:01:42"]
[Board "183"]

1. e4 c6 2. d4 d5 3. e5 Bf5 4. Bd3 Bxd3 5. Qxd3 e6 6. c3 c5 7. Ne2 Nc6 8. O-O Nge7 9. Rd1 Ng6 10. g3 Be7 11. h4 h5 12. Nf4 Nxf4 13. Bxf4 g5 14. Bxg5 Bxg5 15. hxg5 Qxg5 16. Qe3 Qg4 17. Nd2 cxd4 18. cxd4 Nxd4 19. Kg2 Nc2 20. Qd3 Nxa1 21. Rxa1 h4 22. Qb5+ Kf8 23. Qxb7 Kg7 24. Rh1 hxg3 25. Rxh8 gxf2+ 26. Kxf2 Rxh8 27. Nf3 Rh3 28. Qb3 Qg3+ 29. Ke2 Qg2+ 0-1


[Site "https://www.chess.com"]

[Event "Titled Tuesday Blitz November 07 Early 2023"]
[White "Yushko, Olga"]
[Black "Kuchava, Ana"]
[WhiteFideId "14114500"]
[BlackFideId "13605348"]
[WhiteElo "2086"]
[BlackElo "2245"]
[Result "0-1"]
[Round "7"]
[TimeControl "180+1"]
[Date "2023.11.07"]
[WhiteClock "0:00:53"]
[BlackClock "0:00:05"]
[Board "184"]

1. d4 d5 2. c4 e6 3. cxd5 exd5 4. Nc3 c6 5. Nf3 Bf5 6. Bg5 Nf6 7. e3 Be7 8. Bd3 Bxd3 9. Qxd3 O-O 10. O-O Nbd7 11. Rac1 Re8 12. a3 a5 13. h3 Ne4 14. Bf4 Ndf6 15. Na4 Bd6 16. Ne5 h6 17. f3 Ng5 18. Bxg5 hxg5 19. Qf5 Bxe5 20. dxe5 Nd7 21. f4 Qe7 22. Nc3 gxf4 23. exf4 Qc5+ 24. Kh1 Rad8 25. Ne4 Qe7 26. Nd6 Rf8 27. Nxb7 Rb8 28. Nd6 c5 29. Qd3 d4 30. Qd2 f6 31. Qxa5 fxe5 32. fxe5 Qxe5 33. Nc4 Qe2 34. Rxf8+ Rxf8 35. Qd2 Rf1+ 36. Rxf1 Qxf1+ 37. Kh2 Qxc4 38. Qg5 Nf6 39. Qe5 Qd5 40. Qb8+ Kh7 41. Qg3 d3 42. Qe1 d2 43. Qd1 Qe5+ 44. g3 Qe1 45. Qc2+ Ne4 46. b4 Qf2+ 47. Kh1 Qe1+ 48. Kg2 d1=Q 49. Qxd1 Qxd1 50. b5 Qe2+ 51. Kh1 Qf2 52. g4 Ng3# 0-1


[Site "https://www.chess.com"]

[Event "Titled Tuesday Blitz November 07 Early 2023"]
[White "Winkels, Marcel"]
[Black "LionKing2367890"]
[WhiteFideId "1003887"]
[WhiteElo "2069"]
[BlackElo "2244"]
[Result "0-1"]
[Round "7"]
[TimeControl "180+1"]
[Date "2023.11.07"]
[WhiteClock "0:01:35"]
[BlackClock "0:01:43"]
[Board "185"]

1. e4 e5 2. Nf3 Nc6 3. Bb5 a6 4. Ba4 Nf6 5. O-O Be7 6. Re1 b5 7. Bb3 d6 8. a4 b4 9. d3 O-O 10. Bg5 Be6 11. Bxf6 Bxf6 12. Bd5 Bxd5 13. exd5 Ne7 14. c4 bxc3 15. Nxc3 Rb8 16. Qc2 Rb4 17. Rec1 Qb8 18. Ne4 Nxd5 19. Nxf6+ Nxf6 20. Qxc7 Rxb2 21. Qxb8 Rfxb8 22. Rc6 R2b6 23. Rxb6 Rxb6 24. a5 Rc6 25. Rb1 h6 26. Kf1 Nd5 27. Nd2 Nf4 28. Rb6 Rc1# 0-1


[Site "https://www.chess.com"]

[Event "Titled Tuesday Blitz November 07 Early 2023"]
[White "parintele_chess"]
[Black "Ghosh, Chanchal Kumer"]
[BlackFideId "10201858"]
[WhiteElo "2228"]
[BlackElo "1965"]
[Result "1/2-1/2"]
[Round "7"]
[TimeControl "180+1"]
[Date "2023.11.07"]
[WhiteClock "0:00:02"]
[BlackClock "0:00:36"]
[Board "186"]

1. d4 d5 2. c4 e6 3. Nc3 Nf6 4. cxd5 exd5 5. Bg5 Be7 6. e3 O-O 7. Bd3 b6 8. Qc2 h6 9. Bf4 a6 10. Nf3 Nbd7 11. Ne5 Bb7 12. O-O c5 13. Bf5 Re8 14. Rad1 cxd4 15. Rxd4 Bc5 16. Nxd7 Bxd4 17. exd4 Nxd7 18. Qd3 Nf6 19. Be5 Ne4 20. f3 Nxc3 21. Qxc3 Bc8 22. Bb1 Be6 23. Qd3 g6 24. Qe3 Kh7 25. Bf4 Bf5 26. Qd2 Bxb1 27. Rxb1 Qh4 28. Bg3 Qh5 29. Rc1 Rac8 30. Re1 Rxe1+ 31. Qxe1 Qf5 32. Qe7 Rc1+ 33. Kf2 Rc2+ 34. Kg1 Rc1+ 35. Kf2 Qc2+ 36. Ke3 Qf5 37. Kf2 1/2-1/2


[Site "https://www.chess.com"]

[Event "Titled Tuesday Blitz November 07 Early 2023"]
[White "Chxss_Khxsbu"]
[Black "Sarkar, Justin"]
[BlackFideId "2010011"]
[WhiteElo "1862"]
[BlackElo "2220"]
[Result "0-1"]
[Round "7"]
[TimeControl "180+1"]
[Date "2023.11.07"]
[WhiteClock "0:00:15"]
[BlackClock "0:00:10"]
[Board "188"]

1. e4 c5 2. Nf3 Nc6 3. d4 cxd4 4. Nxd4 e6 5. Nxc6 bxc6 6. Bd3 Nf6 7. O-O d5 8. Nc3 g6 9. Qe2 Bg7 10. f4 O-O 11. Kh1 c5 12. e5 Nd7 13. b3 f6 14. exf6 Qxf6 15. Bb2 Qf7 16. Rae1 Nb6 17. Na4 Nxa4 18. Bxg7 Qxg7 19. bxa4 c4 20. Bxc4 dxc4 21. Qxc4 Bd7 22. Rd1 Rac8 23. Qb4 Rxc2 24. Qb7 Bc6 25. Qb3 Bxg2+ 26. Kg1 Qc7 27. Qxe6+ Kh8 28. Rf2 Qc5 29. Qe1 Rxf2 30. Qxf2 Qxf2+ 31. Kxf2 Bc6 32. Ke3 Bxa4 33. Rd4 Bb5 34. Rd7 Bxd7 35. Kd4 a5 36. Ke5 Re8+ 37. Kd6 Be6 0-1


[Site "https://www.chess.com"]